 Dungeon Crawl Stone Soup version 0.27-a0-808-g60bc5d92e6 (webtiles) character file.

Game seed: 9496171801901228642

61119 polve the Carver (level 14, -6/113 HPs)
             Began as a Demonspawn Abyssal Knight on Mar 28, 2021.
             Was the Champion of Lugonu.
             Killed from afar by a shock serpent (19 damage)
             ... with a bolt of electricity
             ... on level 1 of the Snake Pit.
             The game lasted 00:39:08 (19433 turns).

polve the Carver (Demonspawn Abyssal Knight)       Turns: 19433, Time: 00:39:10

Health: -6/113     AC: 18    Str: 12    XL:     14   Next: 59%
Magic:  20/20      EV: 16    Int: 19    God:    Lugonu [******]
Gold:   1353       SH: 12    Dex: 13    Spells: 18/21 levels left

rFire    + + .     SeeInvis .   a - +5 double sword
rCold    + . .     Faith    .   G - +2 kite shield {reflect}
rNeg     . . .     Spirit   .   T - +3 troll leather armour {Snorg}
rPois    +         Reflect  +   f - +2 helmet
rElec    .         Harm     .   j - +2 cloak {Stlth+}
rCorr    .         Rampage  .   D - +0 pair of gloves
Will     +....                  (boots unavailable)
Stlth    ++++......             k - amulet of regeneration
HPRegen  2.28/turn              S - ring of protection from fire
MPRegen  0.34/turn              z - ring "Cuoptoigi" {*Drain rPois EV+4 Stlth+}

@: no status effects
A: hooves 3, rugged brown scales 3, fire resistance 1, spiny 1, magic
regeneration, flame cloud immunity, fangs 1, cold resistance 1, subdued magic 1
a: Renounce Religion, Depart the Abyss, Bend Space, Banish, Corrupt, Enter the
Abyss, Brand Weapon With Distortion


You were on level 1 of the Snake Pit.
You worshipped Lugonu.
Lugonu was exalted by your worship.
You visited 3 branches of the dungeon, and saw 20 of its levels.
You visited the Abyss 1 time.

You collected 1353 gold pieces.

Inventory:

Hand Weapons
 a - a +5 double sword (weapon)
 b - a +1 long sword of flaming
Armour
 f - a +2 helmet (worn)
 j - a +2 cloak of stealth (worn)
 D - a +0 pair of gloves (worn)
 G - a +2 kite shield of reflection (worn)
 Q - a +1 plate armour of willpower
 T - a +3 troll leather armour (worn) {Snorg}
Jewellery
 e - a +6 ring of intelligence
 k - an amulet of regeneration (around neck)
 m - a +4 ring of evasion
 x - an amulet of reflection
 y - a ring of willpower
 z - the ring "Cuoptoigi" (right hand) {*Drain rPois EV+4 Stlth+}
   (You found it on level 7 of the Dungeon)

   [ring of evasion]

   It affects your evasion (+4).
   It protects you from poison.
   It causes draining when unequipped.
   It makes you more stealthy.
 B - a +6 ring of intelligence
 I - a +6 ring of dexterity
 L - a +6 ring of intelligence
 S - a ring of protection from fire (left hand)
Wands
 q - a wand of random effects (70)
 u - a wand of acid (20)
 w - a wand of digging (4)
 J - a wand of mindburst (14)
 U - a wand of charming (9)
Scrolls
 d - a scroll of torment
 g - 3 scrolls of enchant weapon
 n - 9 scrolls of teleportation
 p - 5 scrolls of fear
 r - 2 scrolls of blinking
 s - 8 scrolls of enchant armour
 t - 5 scrolls of amnesia
 A - a scroll of vulnerability
 C - 2 scrolls of magic mapping
 F - 4 scrolls of fog
 M - a scroll of silence
 N - a scroll of holy word
 O - a scroll of summoning
 R - a scroll of identify
Potions
 c - 4 potions of lignification
 h - a potion of ambrosia
 i - 3 potions of cancellation
 l - a potion of brilliance
 o - 7 potions of curing
 v - a potion of mutation
 E - 5 potions of flight
 H - a potion of berserk rage
 K - a potion of haste


   Skills:
 - Level 8.3 Fighting
 + Level 14.1 Long Blades
 - Level 6.0 Armour
 - Level 5.7 Dodging
 - Level 5.0 Stealth
 * Level 8.2 Shields
 - Level 4.0 Spellcasting
 - Level 8.0 Hexes
 - Level 7.0 Transmutations
 - Level 8.0 Invocations
 - Level 5.0 Evocations


You had 18 spell levels left.
You knew the following spells:

 Your Spells              Type           Power      Damage    Failure   Level
a - Corona                Hex            28%        N/A       1%          1
w - Wereblood             Tmut           23%        N/A       2%          2

Your spell library contained the following spells:

 Spells                   Type           Power      Damage    Failure   Level
 Beastly Appendage        Tmut           46%        N/A       1%          1
 Spider Form              Tmut/Pois      6%         N/A       24%         3
 Animate Skeleton         Necr           4%         N/A       34%         1
 Apportation              Tloc           4%         N/A       34%         1
 Summon Small Mammal      Summ           8%         N/A       34%         1
 Poisonous Vapours        Pois/Air       4%         N/A       47%         2
 Blade Hands              Tmut           11%        N/A       50%         5
 Ice Form                 Ice/Tmut       13%        N/A       63%         4
 Conjure Flame            Conj/Fire      2%         6-21      73%         3
 Mephitic Cloud           Conj/Pois/Air  2%         N/A       73%         3
 Animate Dead             Necr           1%         N/A       98%         4
 Borgnjor's Vile Clutch   Necr/Erth      1%         N/A       100%        5
 Death Channel            Necr           1%         N/A       100%        6
 Freezing Cloud           Conj/Ice/Air   1%         6-21      100%        6
 Simulacrum               Ice/Necr       1%         N/A       100%        6


Dungeon Overview and Level Annotations

Branches:
Dungeon (13/15)            Temple (0/1) D:4            Lair (6/6) D:8
 Shoals (0/4) Lair:3        Snake (1/4) Lair:4        Slime (0/5) Lair:6
    Orc (0/2) D:10
 Vaults: D:13-14

Altars:
Ashenzari
Fedhas
Gozag
Kikubaaqudgha
Sif Muna
Trog
Uskayaw

Annotations:
Abyss:1 Azrael, Harold


Innate Abilities, Weirdness & Mutations

You have hooves in place of feet.
You are completely covered in rugged brown scales. (AC +3, +7% HP)
Your flesh is heat resistant. (rF+)
You are partially covered in sharp spines.
You regenerate magic rapidly.
You are immune to clouds of flame.
You have very sharp teeth.
Your flesh is cold resistant. (rC+)
Your spells are a little easier to cast, but a little less powerful.


Message History

The bolt of electricity hits you!!
You hit the shock serpent.
The shock serpent is moderately wounded.
The shock serpent's electric aura discharges, shocking you!
The shock serpent is struck by your spines.
The shock serpent closely misses you.
The shock serpent bites you but does no damage.
You closely miss the shock serpent. Your kick misses the shock serpent.
The shock serpent is moderately wounded.
The shock serpent shoots out a bolt of lightning at you!
The bolt of electricity misses you.
You slash the shock serpent!
You bite the shock serpent, but do no damage.
The shock serpent is heavily wounded.
The shock serpent's electric aura discharges, shocking you!
The shock serpent bites you! The shock serpent shocks you!
* * * LOW HITPOINT WARNING * * *
You hit the shock serpent.
The shock serpent is heavily wounded.
The shock serpent is struck by your spines.
The shock serpent bites you but does no damage.
The shock serpent's electric aura discharges, shocking you!
* * * LOW HITPOINT WARNING * * *
You block the shock serpent's attack.
You barely miss the shock serpent. You kick the shock serpent.
Your bite misses the shock serpent.
The shock serpent is almost dead.
The shock serpent barely misses you.
You barely miss the shock serpent. Your kick misses the shock serpent.
The shock serpent is almost dead.
The shock serpent bites you.
* * * LOW HITPOINT WARNING * * *
The shock serpent shocks you!
* * * LOW HITPOINT WARNING * * *
You barely miss the shock serpent.
The shock serpent is severely wounded.
You block the shock serpent's attack.
The shock serpent shoots out a bolt of lightning at you!
The bolt of electricity hits you!!
You die...

#............#
#.........)..#
#............#
#...........##
######.........#####
...##..............##
....#...............##
....'................##
....#...........@S....#
....#........#..........
....#.......###.........
...##......## ##........
..###.....## ##......#
.## ##...## #.....# ##
##.## #....# #######.#
#..## ........#


You could see a shock serpent.

Vanquished Creatures
  Gastronok (Lair:2)
  Snorg (D:12)
  A boulder beetle (Lair:6)
  6 hydras
  Erolcha (D:9)
  2 centaur warriors (D:13)
  A catoblepas (Lair:6)
  4 death yaks
  The ghost of bmj180 the Blocker, a novice GnFi of Okawaru (D:9)
  A naga sharpshooter (Snake:1)
  Urug (D:10)
  A deep troll shaman (Lair:6)
  3 two-headed ogres
  An ugly thing (D:12)
  2 cyclopes
  5 manticores
  A mana viper (Snake:1)
  4 spectral centaurs (D:9)
  12 elephants (Lair:6)
  5 black mambas
  A torpor snail (Lair:5)
  3 naga magi (Snake:1)
  2 gargoyles (D:12)
  A cane toad (shapeshifter) (D:13)
  11 cane toads
  A kobold demonologist (D:13)
  9 komodo dragons
  2 trolls
  A merfolk (Lair:3)
  4 polar bears
  2 hornets
  14 blink frogs
  A slime creature (D:13)
  7 dream sheep (Lair:5)
  A centaur simulacrum (D:9)
  Sigmund (D:4)
  2 shadows
  5 wraiths
  49 yaks
  2 vampires
  3 wyverns
  3 fire elementals (D:13)
  A basilisk (Lair:2)
  A steam dragon (D:8)
  Grum (D:8)
  Menkaure (D:7)
  3 nagas (Snake:1)
  5 hell hounds (D:13)
  20 water moccasins
  Duvessa (D:5)
  7 orc warriors
  A meliai simulacrum (D:9)
  A necrophage (D:6)
  2 ice beasts
  A sky beast (D:7)
  3 black bears
  11 wolves
  5 centaurs
  2 ogres
  3 kobold brigands
  10 bullfrogs
  A gnoll sergeant (D:10)
  Dowan (D:5)
  A wyvern skeleton (D:6)
  2 scorpions
  6 wights
  7 electric eels
  3 centaur zombies
  3 bullfrog zombies
  3 jellies (Lair:6)
  Crazy Yiuf (D:4)
  2 gnoll shamans
  8 orc priests
  A hound (D:4)
  2 bullfrog skeletons
  Natasha (thrice) (D:4)
  4 iguanas
  10 orc wizards
  A hound zombie (D:5)
  A hound skeleton (D:4)
  12 gnolls
  10 adders
  An ufetubus (D:6)
  3 worms
  2 dart slugs
  31 orcs
  10 ball pythons
  10 bats
  13 endoplasms
  6 giant cockroaches
  3 goblins
  14 hobgoblins
  2 jackals (D:3)
  4 frilled lizards
  20 kobolds
  7 rats
466 creatures vanquished.

Vanquished Creatures (others)
  An elephant (Lair:6)
  A vampire (D:13)
  A human (D:3)
  An orc wizard (D:13)
  27 fungi
  45 plants
76 creatures vanquished.

Grand Total: 542 creatures vanquished

Notes
Turn   | Place    | Note
-------+----------+-------------------------------------------
     0 | Abyss:1  | polve the Demonspawn Abyssal Knight began the quest for the
                  | Orb.
     0 | Abyss:1  | Reached XP level 1. HP: 18/18 MP: 2/2
     4 | Abyss:1  | Found a corrupted altar of Lugonu.
    68 | Abyss:1  | Found a transporter.
    70 | Abyss:1  | Noticed a moth of wrath
    70 | Abyss:1  | Noticed a wretched star
    70 | Abyss:1  | Noticed a torpor snail
    71 | Abyss:1  | Noticed a large abomination
    71 | Abyss:1  | Noticed a starcursed mass
    71 | Abyss:1  | Noticed a glowing orange brain
    71 | Abyss:1  | a torpor snail changed into a glowing orange brain
    72 | Abyss:1  | Found a corrupted altar of Lugonu.
    72 | Abyss:1  | Found a transporter.
    72 | Abyss:1  | Noticed an apocalypse crab
    72 | Abyss:1  | Noticed a torpor snail
    73 | Abyss:1  | Noticed an eye of devastation
    73 | Abyss:1  | Noticed a manticore
    73 | Abyss:1  | a glowing orange brain changed into a manticore
    73 | Abyss:1  | Noticed an eye of devastation
    73 | Abyss:1  | a torpor snail changed into an eye of devastation
    74 | Abyss:1  | Noticed a tentacled starspawn
    80 | Abyss:1  | Noticed an elephant
    81 | Abyss:1  | Noticed a wolf spider
    81 | Abyss:1  | an eye of devastation changed into a wolf spider
    83 | Abyss:1  | Noticed a faun
    83 | Abyss:1  | an elephant changed into a faun
    86 | Abyss:1  | Noticed a moth of wrath
   186 | Abyss:2  | Noticed a small abomination
   214 | Abyss:3  | Noticed a guardian serpent
   216 | D:1      | Escaped the Abyss
   289 | D:1      | Reached skill level 2 in Long Blades
   377 | D:1      | Reached * piety under Lugonu
   378 | D:1      | Gained mutation: You are partially covered in rugged brown
                  | scales. (AC +1, +3% HP) [demonic ancestry]
   378 | D:1      | Reached XP level 2. HP: 15/24 MP: 3/3
   818 | D:1      | Reached skill level 3 in Long Blades
  1030 | D:2      | Gained mutation: You are partially covered in sharp spines.
                  | [demonic ancestry]
  1030 | D:2      | Reached XP level 3. HP: 24/29 MP: 4/4
  1317 | D:2      | Reached skill level 1 in Dodging
  1685 | D:2      | Reached ** piety under Lugonu
  1685 | D:2      | Noticed a scorpion
  1694 | D:2      | Killed a scorpion
  1695 | D:2      | Reached skill level 1 in Shields
  1695 | D:2      | Reached XP level 4. HP: 32/36 MP: 5/5
  2747 | D:3      | Found a faded altar of an unknown god.
  2907 | D:3      | Reached XP level 5. HP: 23/42 MP: 6/6
  3171 | D:3      | Found an ancient bone altar of Kikubaaqudgha.
  3172 | D:3      | Noticed a human
  3175 | D:3      | Killed a human
  3360 | D:4      | Found a staircase to the Ecumenical Temple.
  3363 | D:4      | Reached *** piety under Lugonu
  3474 | D:4      | Noticed Natasha
  3481 | D:4      | Killed Natasha
  3530 | D:4      | Noticed Natasha
  3540 | D:4      | Killed Natasha
  3541 | D:4      | Gained mutation: You have large cloven feet. [demonic
                  | ancestry]
  3541 | D:4      | Reached XP level 6. HP: 17/49 MP: 7/7
  3757 | D:4      | Found a blossoming altar of Fedhas.
  3881 | D:4      | Found a runed translucent door.
  3882 | D:4      | Noticed Crazy Yiuf
  3913 | D:4      | Noticed Natasha
  3926 | D:4      | Killed Natasha
  4260 | D:4      | Noticed Sigmund
  4270 | D:4      | Killed Sigmund
  4271 | D:4      | Reached skill level 5 in Invocations
  4271 | D:4      | Gained mutation: You are mostly covered in rugged brown
                  | scales. (AC +2, +5% HP) [demonic ancestry]
  4271 | D:4      | Reached XP level 7. HP: 32/55 MP: 8/11
  4618 | D:4      | Killed Crazy Yiuf
  4671 | D:5      | Entered Level 5 of the Dungeon
  4777 | D:5      | Reached skill level 1 in Evocations
  4934 | D:5      | You fall into a shaft and drop 2 floors!
  5035 | D:7      | Identified the ring "Cuoptoigi" {*Drain rPois EV+4 Stlth+}
  5202 | D:6      | Found an opulent altar of Gozag.
  5430 | D:5      | Reached skill level 1 in Stealth
  5430 | D:5      | Gained mutation: You have hoof-like feet. [demonic
                  | ancestry]
  5430 | D:5      | Reached XP level 8. HP: 63/63 MP: 13/13
  5470 | D:5      | Noticed Duvessa
  5471 | D:5      | Noticed Dowan
  5473 | D:5      | Gained mutation: Your spells are a little easier to cast,
                  | but a little less powerful. [potion of mutation]
  5473 | D:5      | Gained mutation: You have very sharp teeth. [potion of
                  | mutation]
  5473 | D:5      | Gained mutation: Your flesh is cold resistant. (rC+)
                  | [potion of mutation]
  5473 | D:5      | Gained mutation: You have hooves in place of feet. [potion
                  | of mutation]
  5481 | D:5      | Killed Duvessa
  5487 | D:5      | Killed Dowan
  5694 | D:5      | Found a broken altar of Ashenzari.
  5960 | D:6      | Reached skill level 5 in Evocations
  6234 | D:6      | Reached skill level 5 in Stealth
  6700 | D:7      | Noticed Menkaure
  6707 | D:7      | Killed Menkaure
  6708 | D:7      | Gained mutation: You regenerate magic rapidly. [demonic
                  | ancestry]
  6708 | D:7      | Reached XP level 9. HP: 68/68 MP: 15/15
  6762 | D:7      | Reached skill level 4 in Long Blades
  6764 | D:7      | Reached **** piety under Lugonu
  7371 | D:8      | Found a staircase to the Lair.
  7409 | D:8      | You fall into a shaft and drop 2 floors!
  7409 | D:10     | Entered Level 10 of the Dungeon
  7412 | D:10     | Noticed a polar bear
  7413 | D:10     | Found a bloodstained altar of Trog.
  7540 | D:9      | Noticed Erolcha
  7552 | D:9      | Killed Erolcha
  7553 | D:9      | Reached skill level 5 in Fighting
  7553 | D:9      | Reached skill level 5 in Long Blades
  7622 | D:8      | Noticed Grum
  7635 | D:8      | Killed Grum
  7636 | D:8      | Reached skill level 6 in Long Blades
  7636 | D:8      | Mutation became permanent: You have hoof-like feet.
                  | [demonic ancestry]
  7636 | D:8      | Gained mutation: You have hooves in place of feet. [demonic
                  | ancestry]
  7636 | D:8      | Reached XP level 10. HP: 77/77 MP: 16/16
  7653 | D:8      | Learned a level 2 spell: Wereblood
  7655 | D:8      | Learned a level 1 spell: Corona
  7818 | D:8      | Reached skill level 1 in Hexes
  7818 | D:8      | Reached skill level 1 in Transmutations
  8642 | D:9      | Noticed Harold
  8669 | D:9      | Banished Harold
  8878 | D:9      | Noticed a spectral centaur warrior
  8880 | D:9      | Noticed a spectral centaur warrior
  8895 | D:9      | Found a runed translucent gate.
  8896 | D:9      | Found a runed translucent gate.
  8896 | D:9      | Found a runed translucent gate.
  8896 | D:9      | Noticed a spectral centaur warrior
  8896 | D:9      | Noticed bmj180's ghost (novice GnFi)
  8896 | D:9      | Noticed a spectral centaur warrior
  9015 | D:9      | Killed a spectral centaur warrior
  9016 | D:9      | Reached skill level 5 in Hexes
  9021 | D:9      | Killed a spectral centaur warrior
  9028 | D:9      | Killed a spectral centaur warrior
  9029 | D:9      | Reached skill level 5 in Transmutations
  9045 | D:9      | Killed bmj180's ghost
  9049 | D:9      | Killed a spectral centaur warrior
  9050 | D:9      | Gained mutation: You are completely covered in rugged brown
                  | scales. (AC +3, +7% HP) [demonic ancestry]
  9050 | D:9      | Reached XP level 11. HP: 53/85 MP: 17/17
  9115 | D:10     | Noticed a two-headed ogre
  9225 | D:10     | Killed a two-headed ogre
  9315 | Lair:1   | Entered Level 1 of the Lair of Beasts
  9571 | Lair:1   | Reached skill level 1 in Spellcasting
  9811 | Lair:1   | Found a hide-covered altar of Uskayaw.
 10355 | Lair:2   | Noticed Gastronok
 10406 | Lair:2   | Killed Gastronok
 10512 | Lair:2   | Noticed a six-headed hydra
 10522 | Lair:2   | Killed a two-headed hydra
 10523 | Lair:2   | Reached skill level 5 in Armour
 10523 | Lair:2   | Reached XP level 12. HP: 34/95 MP: 18/18
 10701 | Lair:2   | Reached skill level 7 in Long Blades
 11282 | Lair:3   | Reached skill level 5 in Dodging
 11341 | Lair:3   | Noticed a five-headed hydra
 11351 | Lair:3   | Killed a one-headed hydra
 11512 | Lair:3   | Reached ***** piety under Lugonu
 11707 | Lair:3   | Found a staircase to the Shoals.
 11737 | Lair:3   | Reached skill level 8 in Long Blades
 12118 | Lair:4   | Found a staircase to the Snake Pit.
 12630 | Lair:5   | Reached skill level 9 in Long Blades
 12808 | Lair:5   | Noticed a death yak
 12830 | Lair:5   | Killed a death yak
 12983 | Lair:5   | Gained mutation: Your flesh is heat resistant. (rF+)
                  | [demonic ancestry]
 12983 | Lair:5   | Reached XP level 13. HP: 64/105 MP: 19/19
 13158 | Lair:5   | Reached skill level 10 in Long Blades
 13767 | Lair:6   | Entered Level 6 of the Lair of Beasts
 13907 | Lair:6   | Found a staircase to the Slime Pits.
 13995 | Lair:6   | Reached skill level 11 in Long Blades
 14453 | Lair:6   | Reached skill level 12 in Long Blades
 15160 | Lair:6   | Reached skill level 13 in Long Blades
 15699 | D:10     | Reached ****** piety under Lugonu
 15802 | D:10     | Found a staircase to the Orcish Mines.
 16100 | D:10     | Noticed Urug
 16121 | D:10     | Killed Urug
 16122 | D:10     | Gained mutation: You are immune to clouds of flame.
                  | [demonic ancestry]
 16122 | D:10     | Reached XP level 14. HP: 24/113 MP: 20/20
 17287 | D:12     | Reached skill level 5 in Shields
 17684 | D:12     | Found a shimmering blue altar of Sif Muna.
 17694 | D:12     | Noticed Snorg
 17704 | D:12     | Killed Snorg
 18324 | D:13     | Noticed Azrael
 18371 | D:13     | Banished Azrael
 18809 | D:13     | Reached skill level 14 in Long Blades
 19149 | Snake:1  | Entered Level 1 of the Snake Pit
 19433 | Snake:1  | Killed from afar by a shock serpent

Illustrated notes

Levels and vault maps discovered:
D:1:      lightli_arrival_lavapool, layout_rooms, minmay_tromino_i2
D:2:      minmay_diamond_boxcup, layout_basic
D:3:      layout_basic, chequers_ecumenical_altar_island, tgw_kikubaaqudgha
D:4:      layout_loops_ring, minmay_temple_entry_overgrown,
          fedhas_ov_isle_minmay, uniq_sigmund, uniq_natasha,
          uniq_crazy_yiuf_cottage
D:5:      layout_basic, minmay_misc_feat_encased, evilmike_ruin_ashenzari,
          uniq_duvessa
D:6:      layout_basic, grunt_gozag_breadcrumbs, amethyst_killhole, minivault_5,
          minivault_26
D:7:      layout_layer_cave, uniq_menkaure
D:8:      layout_loops_ring, lair_entry_dummy, uniq_grum
D:9:      layout_roguey, serial_corexii_hall, chequers_hall_statues_wall_a,
          corexii_hall_statues_deadend, gammafunk_ghost_necromancy, uniq_harold,
          uniq_erolcha
D:10:     layout_roguey, erik_orc_2, trog_ov_bears_minmay, uniq_urug
D:11:     layout_cave_pods
D:12:     layout_irregular_city, basic_altar, minivault_21, uniq_snorg
D:13:     layout_stronghold, minmay_strange_pillars,
          minmay_fractal_squares_diagonal_5, uniq_azrael
Lair:1:   layout_regular_city, basic_altar, minivault_19, columned_hall_lemuel,
          chequers_serial_rivers_small_3, serial_bayou_lake_a
Lair:2:   layout_loops_ring, uniq_gastronok
Lair:3:   layout_cave_shapes, elwin_shoals_entry_rooms, serial_bayou_crossing
Lair:4:   layout_misc_corridors, minmay_snake_entry_six_corridors
Lair:5:   nzn_winding_woodlands_small [nzn_winding_woodlands_5x15_crooked,
          nzn_winding_woodlands_center_diamonds,
          nzn_winding_woodlands_5x15_pool], layout_cave_pods,
          wad_woods_river_01, serial_bayou_shore_b
Lair:6:   grunt_lair_end_beastmaster, layout_misc_corridors,
          nicolae_slime_entry_slimehenge
Snake:1:  layout_gridlike

Skill      XL: |  1  2  3  4  5  6  7  8  9 10 11 12 13 14 |
---------------+-------------------------------------------+-----
Long Blades    | 2 3 6 9 13 14 | 14.1
Dodging        | 1 2 4 5 |  5.7
Armour         | 2 4 5 6 |  6.0
Shields        | 1 2 3 4 8 |  8.2
Invocations    | 5 7 8 |  8.0
Evocations     | 3 5 |  5.0
Stealth        | 1 5 |  5.0
Fighting       | 4 5 6 8 |  8.3
Hexes          | 6 8 |  8.0
Transmutations | 5 7 |  7.0
Spellcasting   | 4 |  4.0

Action                   |  1- 3 |  4- 6 |  7- 9 | 10-12 | 13-15 || total
-------------------------+-------+-------+-------+-------+-------++-------
Melee: Falchion          |    98 |   119 |   255 |   170 |       ||   642
       Kick              |       |     7 |    72 |   236 |   385 ||   700
       Bite              |       |       |    27 |   110 |   152 ||   289
       Long sword        |       |       |       |   519 |   655 ||  1174
       Double sword      |       |       |       |       |   276 ||   276
 Cast: Corona            |       |       |       |       |     1 ||     1
Invok: Depart the Abyss  |     1 |       |       |       |       ||     1
       Banish            |       |       |       |     2 |     2 ||     4
       Bend Space        |       |       |       |     7 |    10 ||    17
Evoke: Wand              |       |       |       |     9 |    11 ||    20
  Use: Potion            |     1 |     1 |     7 |     7 |     3 ||    19
       Scroll            |       |       |       |    13 |     3 ||    16
 Stab: Sleeping          |     1 |     2 |     6 |     9 |     9 ||    27
       Distracted        |       |       |       |     5 |     2 ||     7
Armor: Leather armour    |    29 |    19 |       |       |       ||    48
       Scale mail        |       |    14 |   134 |   242 |   251 ||   641
       Troll leather arm |       |       |       |       |    59 ||    59
       Plate armour      |       |       |       |       |    47 ||    47
Dodge: Dodged            |    48 |    60 |   176 |   398 |   497 ||  1179
Block: Buckler           |     7 |    19 |    65 |   161 |   155 ||   407
       Kite shield       |       |       |       |       |   224 ||   224
       Reflection        |       |       |       |       |    10 ||    10
       Rpst.: Falchion   |    15 |    21 |    40 |    29 |       ||   105
       Long sword        |       |       |       |    70 |    70 ||   140
       Double sword      |       |       |       |       |    28 ||    28

Table legend: (Time is in decaauts)
 A = Elapsed time spent in this place.
 B = Non-inter-level travel time spent in this place.
 C = Inter-level travel time spent in this place.
 D = Time resting spent in this place.
 E = Time spent auto-exploring this place.
 F = Levels seen in this place.
 G = Mean time per level.
                   A        B        C        D        E       F      G
               +--------+--------+--------+--------+--------+-----+--------+
         Total |  19431 |  18342 |   1089 |    107 |  14126 |  23 |  844.8 |
       Dungeon |  12665 |  11952 |    713 |    102 |   9613 |  13 |  974.2 |
          Lair |   6269 |   5894 |    375 |      5 |   4169 |   6 | 1044.8 |
     Snake Pit |    280 |    280 |      0 |      0 |    174 |   1 |  280.0 |
         Abyss |    215 |    215 |      0 |      0 |    169 |   3 |   71.7 |
               +--------+--------+--------+--------+--------+-----+--------+

Top non-repeatable levels by time:
  Lair:6: 1510 daAuts
     D:4: 1419 daAuts
  Lair:5: 1346 daAuts
     D:2: 1283 daAuts
     D:9: 1213 daAuts
    D:10: 1169 daAuts
  Lair:1: 1119 daAuts
     D:3: 1009 daAuts
     D:6: 984 daAuts
  Lair:2: 887 daAuts
     D:7: 864 daAuts
    D:12: 856 daAuts
     D:1: 811 daAuts
    D:13: 811 daAuts
     D:5: 762 daAuts
